 Dungeon Crawl Stone Soup version 0.18.1-48-g4cf74bf (webtiles) character file.

12220 Inkary the Fighter (level 11, -1/104 HPs)
             Began as a Minotaur Berserker on Sept 4, 2016.
             Was an Elder of Trog.
             Killed from afar by a deep elf mage (28 damage)
             ... with a bolt of negative energy
             ... on level 12 of the Dungeon.
             The game lasted 00:23:59 (10476 turns).

Inkary the Fighter (Minotaur Berserker)            Turns: 10476, Time: 00:23:59

Health: -1/104     AC: 11    Str: 33    XL:     11   Next: 59%
Magic:  17/17      EV: 22    Int:  4    God:    Trog [****..]
Gold:   478        SH:  7    Dex: 22    Spells: 0 memorised, 10 levels left

rFire  + . .     SeeInvis .     C - +3 flail (holy)
rCold  x . .     Gourm    .     y - +0 ring mail "Vuovah" {rPois MR- Str+6}
rNeg   . . .     Faith    .     k - +0 buckler
rPois  +         Spirit   .     (helmet restricted)
rElec  .         Dismiss  .     O - +2 cloak
rCorr  +         Reflect  .     E - +2 pair of gloves of Ykkeriq {rF+ rC- rCorr MP+9 Str+4}
SustAt .         Harm     .     (no boots)
MR     ++...                    (no amulet)
Stlth  +++.......               v - +5 ring of dexterity
                                t - ring of stealth

@: agile, exhausted, about to teleport, regenerating, slowed, drained, very
slow, very resistant to hostile enchantments, fairly stealthy
A: retaliatory headbutt, horns 2, blurry vision 2, deformed body, low mp 1,
magic resistance 1, poison resistance, slow regeneration 1
a: Berserk, Trog's Hand, Brothers in Arms, Burn Spellbooks, Renounce Religion


You were on level 12 of the Dungeon.
You worshipped Trog.
Trog was greatly pleased with you.
You were very hungry.

You visited 2 branches of the dungeon, and saw 13 of its levels.

You collected 670 gold pieces.
You spent 192 gold pieces at shops.

Inventory:

Hand Weapons
 C - a +3 flail of holy wrath (weapon)
 I - a +2 mace of draining
Armour
 k - a +0 buckler (worn)
 y - the +0 ring mail "Vuovah" (worn) {rPois MR- Str+6}
   (You found it on level 5 of the Dungeon)

   It affects your strength (+6).
   It protects you from poison.
   It affects your resistance to hostile enchantments.
 E - the +2 pair of gloves of Ykkeriq (worn) {rF+ rC- rCorr MP+9 Str+4}
   (You found it on level 6 of the Dungeon)

   It affects your strength (+4).
   It protects you from fire.
   It makes you vulnerable to cold.
   It affects your magic capacity (+9).
   It protects you from acid and corrosion.
 O - a +2 cloak (worn)
 U - a +0 large shield
 V - a +1 chain mail of cold resistance
Jewellery
 t - a ring of stealth (left hand)
 v - a +5 ring of dexterity (right hand)
 K - an uncursed ring of see invisible {unknown}
 R - an uncursed ring of protection from magic {unknown}
 Z - an uncursed amulet of regeneration {unknown}
Wands
 i - a wand of disintegration (21/24)
 u - a wand of teleportation (7/9)
Scrolls
 e - a scroll of remove curse
 f - a scroll of blinking {unknown}
 g - a scroll of noise {unknown}
 h - 2 scrolls of magic mapping
 q - 2 scrolls of fog {unknown}
 A - 2 scrolls of amnesia {unknown}
 D - 2 scrolls of teleportation
 H - 3 scrolls of enchant armour
 J - a scroll of fear {unknown}
 M - a scroll of brand weapon {unknown}
 S - a scroll of random uselessness {unknown}
 W - a scroll of immolation {unknown}
Potions
 b - a potion of lignification
 j - 4 potions of curing
 m - a potion of haste {unknown}
 n - a potion of heal wounds
 p - a potion of flight
 r - 3 potions of agility
 s - 2 potions of magic
 w - a potion of cancellation
 x - a potion of resistance {unknown}
 z - a potion of cure mutation {unknown}
 G - 2 potions of might {unknown}
 L - a potion of degeneration {unknown}
 N - a potion of berserk rage {unknown}
Books
 B - a book of Unlife

   Spells                             Type                      Level
   a - Recall                         Summoning/Translocation      3
   b - Animate Dead                   Necromancy                   4
   c - Control Undead                 Necromancy                   4
   d - Cigotuvi's Embrace             Necromancy                   5
   e - Death Channel                  Necromancy                   6
   f - Simulacrum                     Ice/Necromancy               6
   Trog disapproves of the use of such an item.
 P - a Fen Folio

   Spells                             Type                      Level
   a - Corpse Rot                     Necromancy                   2
   b - Stone Arrow                    Conjuration/Earth            3
   c - Leda's Liquefaction            Hexes/Earth                  4
   d - Summon Forest                  Summoning/Translocation      5
   e - Hydra Form                     Transmutation                6
   f - Summon Hydra                   Summoning                    7
   Trog disapproves of the use of such an item.
Miscellaneous
 X - a stone of tremors
Comestibles
 a - 7 slices of pizza
 c - 5 bread rations
 d - 9 meat rations
 l - 7 beef jerkies
 o - 23 fruits


   Skills:
 + Level 11.7(11.0) Fighting
 + Level 11.5(10.8) Maces & Flails
 + Level 11.2(10.5) Armour
 - Level 7.2(6.6) Dodging
 + Level 8.2(7.5) Shields


You had 10 spell levels left.
You didn't know any spells.

Dungeon Overview and Level Annotations

Branches:
Dungeon (12/15)            Temple (1/1) D:7            Lair (0/8) D:8
    Orc (0/2) D:10

Altars:
Ashenzari
Cheibriados
Dithmenos
Elyvilon
Fedhas
Gozag
Kikubaaqudgha
Makhleb
Nemelex Xobeh
Okawaru
Pakellas
Qazlal
Ru
Sif Muna
Trog
Vehumet
Xom
Yredelemnul
Zin
The Shining One

Shops:
D:10 }*


Innate Abilities, Weirdness & Mutations

You reflexively headbutt those who attack you in melee.
You have a pair of horns on your head.
Scrolls take you longer to read.
Armour fits poorly on your strangely shaped body.
Your magical capacity is low (-10% MP).
You are resistant to hostile enchantments.
Your system is resistant to poisons.
You regenerate slowly when monsters are visible.


Message History

The mottled dragon completely misses you.
You block something's attack.
The deep elf mage mumbles some strange words.
The mottled dragon misses you. You furiously retaliate!
You headbutt the mottled dragon. You block the mottled dragon's attack.
Evoke which item? (* to show all) (? for menu, Esc to quit)
Zapping:
u - a wand of teleportation (8/9)
Press: ? - help, Shift-Dir - straight line, f - you You feel strangely unstable.
This wand has 7 charges left.
Something hits you but does no damage.
The deep elf mage casts a spell.
The deep elf mage blinks!
The mottled dragon barely misses you. You furiously retaliate!
You headbutt the mottled dragon!
You kill the mottled dragon!
Trog accepts your kill. Something hits you but does no damage.
The deep elf mage barely misses you. The deep elf mage casts a spell at you.
The bolt of negative energy hits you!
You feel drained.
You die...

#...≈≈≈#
#..≈≈≈≈#
#..≈≈≈≈#
#..≈≈≈≈#
#...≈≈≈#
#...≈≈≈#
#...[≈≈####
#....≈≈≈≈≈##
##...@e≈≈≈≈#
#.[...≈≈≈≈≈#
#......≈≈≈≈#
##.....3≈≈≈#
#.....!.§≈≈
##.........
##........
###......


You could see a deep elf mage and a smoke demon.

Vanquished Creatures
  The ghost of ThereIsNoGod the Cleaver, a journeyman MiGl of Makhleb (D:11)
  A hydra (D:8)
  Erica (D:10)
  An unseen horror (D:6)
  A hill giant (D:8)
  An ugly thing (D:12)
  2 trolls
  A wraith (D:10)
  Sigmund (D:6)
  Eustachio (D:6)
  2 wyverns
  A hill giant zombie (D:10)
  2 yaks (D:8)
  2 hungry ghosts (D:10)
  Edmund (D:6)
  A mottled dragon (D:12)
  Duvessa (D:7)
  3 water moccasins
  3 ice beasts
  2 sky beasts
  5 orc warriors
  3 black bears
  2 necrophages
  3 phantoms
  3 ogres
  4 centaurs
  A crocodile (D:12)
  4 big kobolds (D:8)
  12 giant frogs
  Dowan (D:7)
  4 scorpions
  A troll zombie (D:10)
  6 killer bees (D:9)
  3 electric eels (D:12)
  5 crimson imps
  4 jellies
  4 giant frog zombies
  2 centaur zombies
  5 orc priests
  2 hounds
  Crazy Yiuf (D:7)
  2 giant frog skeletons
  14 orc wizards
  5 iguanas
  3 centaur skeletons
  8 worker ants
  Natasha (D:4)
  2 sheep (D:8)
  6 ogre zombies (D:10)
  A hound zombie (D:8)
  2 hound skeletons
  10 adders
  A white imp (D:5)
  3 oozes
  4 adder skeletons
  A worm (D:4)
  8 dart slugs
  22 orcs
  3 ball pythons
  6 giant cockroaches
  6 hobgoblins
  11 jackals
  19 kobolds
  5 quokkas
  6 bats
  2 giant gecko skeletons
  4 giant newts
  11 goblins
  4 goblin zombies (D:10)
  2 hobgoblin zombies (D:10)
  4 orc skeletons (D:10)
  15 orc zombies (D:10)
  4 rats
299 creatures vanquished.

Vanquished Creatures (others)
  4 plants (D:8)
4 creatures vanquished.

Grand Total: 303 creatures vanquished

Notes
Turn   | Place    | Note
--------------------------------------------------------------
     0 | D:1      | Inkary the Minotaur Berserker began the quest for the Orb.
     0 | D:1      | Reached XP level 1. HP: 19/19 MP: 0/0
   193 | D:1      | Reached XP level 2. HP: 12/27 MP: 1/1
   608 | D:1      | Reached XP level 3. HP: 33/33 MP: 2/2
   644 | D:1      | Reached ** piety under Trog
  1091 | D:2      | Reached XP level 4. HP: 19/41 MP: 3/3
  1440 | D:2      | Found a sparkling altar of Nemelex Xobeh.
  1735 | D:3      | Reached *** piety under Trog
  1826 | D:3      | Reached skill level 5 in Fighting
  1920 | D:3      | Reached XP level 5. HP: 37/48 MP: 4/4
  2386 | D:4      | Reached skill level 5 in Maces & Flails
  2386 | D:4      | Reached XP level 6. HP: 35/56 MP: 5/5
  2565 | D:4      | Noticed Natasha
  2575 | D:4      | Killed Natasha
  3416 | D:5      | Entered Level 5 of the Dungeon
  3638 | D:5      | Reached XP level 7. HP: 39/63 MP: 6/6
  3700 | D:5      | Got a twisted ring mail
  3711 | D:5      | Identified the cursed +0 ring mail "Vuovah" {rPois MR- Str+6} (You found it on level 5 of the Dungeon)
  3727 | D:5      | Found a shimmering altar of Xom.
  3727 | D:5      | Found a burning altar of Makhleb.
  3732 | D:5      | Reached skill level 5 in Armour
  3788 | D:5      | Reached skill level 5 in Dodging
  4191 | D:6      | Noticed Eustachio
  4198 | D:6      | Killed Eustachio
  4202 | D:6      | Reached XP level 8. HP: 73/73 MP: 7/7
  4266 | D:6      | Noticed Sigmund
  4288 | D:6      | Killed Sigmund
  4319 | D:6      | Noticed Edmund
  4437 | D:6      | Killed Edmund
  4496 | D:6      | Got a pair of faintly humming gloves
  4502 | D:6      | Identified the +2 pair of gloves of Ykkeriq {rF+ rC- rCorr MP+9 Str+4} (You found it on level 6 of the Dungeon)
  4535 | D:6      | Killed an unseen horror
  4577 | D:6      | Found a sacrificial altar of Ru.
  4673 | D:6      | Reached XP level 9. HP: 74/81 MP: 8/8
  4888 | D:7      | Found a staircase to the Ecumenical Temple.
  4893 | Temple   | Entered the Ecumenical Temple
  5520 | D:7      | Found a blossoming altar of Fedhas.
  5596 | D:7      | Got a crude quarterstaff
  5606 | D:7      | Identified the +7 quarterstaff "Jujiycs" {freeze, rN++ MR+ Int+2 Dex-2} (You found it on level 7 of the Dungeon)
  5714 | D:7      | Noticed Dowan
  5718 | D:7      | Noticed Duvessa
  5722 | D:7      | Killed Dowan
  5730 | D:7      | Killed Duvessa
  5730 | D:7      | Reached skill level 1 in Shields
  5980 | D:7      | Gained mutation: You are robust (+10% HP). [mutagenic meat]
  5981 | D:7      | Gained mutation: Scrolls take you a little longer to read. [mutagenic meat]
  5982 | D:7      | Gained mutation: Your magical capacity is low (-10% MP). [mutagenic meat]
  5983 | D:7      | Gained mutation: You regenerate slowly when monsters are visible. [mutagenic meat]
  6020 | D:7      | You fall through a shaft!
  6126 | D:7      | Found a stormy altar of Qazlal.
  6301 | D:7      | Noticed Crazy Yiuf
  6304 | D:7      | Killed Crazy Yiuf
  6353 | D:8      | Found a staircase to the Lair.
  6498 | D:8      | Found an ancient bone altar of Kikubaaqudgha.
  6498 | D:8      | Found a white marble altar of Elyvilon.
  6550 | D:8      | Reached **** piety under Trog
  6557 | D:8      | Noticed a hill giant
  6565 | D:8      | Killed a hill giant
  6565 | D:8      | Reached XP level 10. HP: 101/101 MP: 8/8
  6795 | D:8      | Found a glowing silver altar of Zin.
  6991 | D:8      | Noticed a three-headed hydra
  6998 | D:8      | Reached skill level 10 in Fighting
  7005 | D:8      | Killed a three-headed hydra
  7005 | D:8      | Reached skill level 5 in Shields
  7012 | D:8      | Reached skill level 10 in Maces & Flails
  7649 | D:9      | Found a white marble altar of Elyvilon.
  7770 | D:9      | Reached skill level 10 in Armour
  8200 | D:10     | Entered Level 10 of the Dungeon
  8226 | D:10     | Noticed Erica
  8240 | D:10     | Killed Erica
  8240 | D:10     | Reached XP level 11. HP: 108/111 MP: 8/8
  8438 | D:10     | Lost mutation: You are robust (+10% HP). [mutagenic meat]
  8439 | D:10     | Gained mutation: Scrolls take you longer to read. [mutagenic meat]
  8442 | D:10     | Gained mutation: You are resistant to hostile enchantments. [potion of mutation]
  8442 | D:10     | Gained mutation: Your system is resistant to poisons. [potion of mutation]
  8442 | D:10     | Gained mutation: Armour fits poorly on your strangely shaped body. [potion of mutation]
  8453 | D:10     | Found a staircase to the Orcish Mines.
  8572 | D:10     | Found Viesm's Gadget Shop.
  8579 | D:10     | Bought a wand of disintegration (5/24) for 144 gold pieces
  8756 | D:10     | Found Afagas's General Store.
  8855 | D:10     | Bought a potion of curing for 48 gold pieces
  9214 | D:11     | Noticed ThereIsNoGod's ghost (journeyman MiGl)
  9237 | D:11     | Killed ThereIsNoGod's ghost
 10455 | D:12     | Noticed a purple ugly thing
 10464 | D:12     | Noticed a deep elf mage
 10474 | D:12     | Killed a purple ugly thing
 10476 | D:12     | Killed from afar by a deep elf mage

Skill      XL: |  1  2  3  4  5  6  7  8  9 10 11 |
---------------+----------------------------------+-----
Fighting       | 4 5 6 7 8 9 10 11 | 11.7
Maces & Flails | 4 5 6 7 9 10 11 | 11.5
Armour         | 3 4 5 7 8 10 11 | 11.2
Dodging        | 3 4 5 6 7 |  7.2
Shields        | 3 6 8 |  8.2

Action                   |  1- 3 |  4- 6 |  7- 9 | 10-12 || total
-------------------------+-------+-------+-------+-------++-------
Melee: Mace              |    83 |   161 |   163 |   106 ||   513
       Headbutt          |    10 |    23 |    60 |    85 ||   178
       Flail             |       |       |    27 |   177 ||   204
Invok: Berserk           |     1 |     3 |     4 |     5 ||    13
       Trog's Hand       |       |     9 |    10 |    12 ||    31
Evoke: Wand              |       |       |       |     1 ||     1
  Use: Scroll            |       |       |     4 |    14 ||    18
       Potion            |       |       |     3 |     5 ||     8
 Stab: Sleeping          |     1 |     1 |     6 |     2 ||    10
       Paralysed         |       |       |     1 |       ||     1
       Distracted        |       |       |       |     1 ||     1
  Eat: Chunk             |     1 |    12 |    18 |    17 ||    48
       Fruit             |       |     2 |       |       ||     2
       Royal jelly       |       |       |       |     2 ||     2
Armor: Animal skin       |    14 |    22 |       |       ||    36
       Chain mail        |       |    21 |     5 |       ||    26
       Ring mail         |       |       |    65 |    58 ||   123
Dodge: Dodged            |    64 |    97 |   138 |   167 ||   466
Block: Buckler           |       |    23 |    35 |    61 ||   119
